[Event "2nd Namma Bengaluru Open-A 2025"]
[Site "Bengaluru"]
[Date "2025.04.11"]
[Round "2.1"]
[White "Iniyan, Pa"]
[Black "Aarav Sinha"]
[Result "1-0"]
[Annotator "TA"]
[ECO "E04"]
[WhiteElo "2578"]
[BlackElo "2187"]
[PlyCount "101"]
[EventDate "2025.04.10"]
[EventType "swiss"]
[EventCountry "IND"]
[SourceTitle "playchess.com"]
[Source "ChessBase"]
[SourceQuality "1"]
[TimeControl "5400+30"]

1. d4 Nf6 2. c4 e6 3. Nf3 d5 4. g3 dxc4 5. Bg2 c5 6. O-O Nc6 7. Qa4 Bd7 8. Qxc4 b5 9. Qc3 {[%emt 0:06:54] E04: Open Catalan: 5 Nf3.} b4 10. Qd3 Rc8 11. dxc5 {[%emt 0:08:49] The position is equal.} Bxc5 12. Nbd2 O-O 13. Nb3 {[%emt 0:00:42] Against e5} Be7 14. Be3 e5 {[%emt 0:14:34] White must now prevent ...e4.} 15. Qa6 Nd5 $146 {[%emt 0:04:25] [#]} (15... Rc7 $11 {remains equal.}) (15... Rc7 16. Nfd2 Ng4 17. Rfc1 Nxe3 18. fxe3 Bg5 19. Nf1 Qc8 20. Nc5 Nb8 21. Qd6 Rd8 {0-1 Chan,K (2292)-Nagarkatte,V (2345) Qatar Masters op 2023 (7)}) 16. Nxe5 $1 $16 {[%emt 0:01:35] White is more active.} Nxe3 17. Bxc6 (17. Nxc6 Bxc6 18. fxe3 Bxg2 19. Kxg2 Bg5 $15) 17... Bxc6 18. Nxc6 Rxc6 19. Qxc6 Nxf1 20. Rxf1 Bf6 21. Qc2 Qe7 {[%emt 0:03:04] White now steadily converts the win.} 22. Na5 Qe6 23. Nc4 Rc8 {[%emt 0:02:20] [#]} 24. b3 Re8 25. e3 h5 26. Rd1 Rc8 27. Qe2 h4 28. Rd6 Qe4 29. Qd3 Qxd3 30. Rxd3 hxg3 31. hxg3 {[%emt 0:00:00][%mdl 4096] Endgame KRB-KRN. White is a pawn up.} a5 32. e4 a4 33. e5 axb3 34. axb3 Be7 35. f4 Rc7 (35... Ra8 $16 36. Rd7 Kf8) 36. Kf2 $18 g6 37. Kf3 Ra7 (37... f5 {was worth a try.} 38. Rd2 Ra7) 38. g4 Kf8 39. f5 gxf5 40. gxf5 f6 $2 (40... Ke8 41. f6 Bf8) 41. e6 Ra1 42. Ne3 Rb1 43. Nd5 Rf1+ 44. Ke4 Re1+ 45. Re3 Rc1 46. Rh3 $2 (46. Re2 Ke8 47. Ra2 Re1+ 48. Kf3 Rf1+ 49. Kg4 (49. Ke4 Re1+ 50. Kf3 Rf1+ 51. Ke4 Re1+ $18)) 46... Re1+ 47. Re3 $2 (47. Kd4 $18 {Rh7 would now be deadly.} Rd1+ 48. Rd3) 47... Rd1 $2 (47... Rc1 $11 48. Re2 Bd8) 48. Re2 {[%emt 0:00:00] White is clearly winning.} Rb1 49. Ra2 {[%emt 0:00:00] Threatening mate with Ra8+.} Re1+ 50. Kf3 Rf1+ 51. Kg2 {[%emt 0:00:00] Weighted Error Value: White=0.31/Black=0.83  Loses game:     	---       	Black=1      Mistake:       	---       	Black=4      Inaccurate:     	White=1     	Black=3      OK:         	White=16    	Black=13     Best:        	White=2     	Black=1} 1-0

[Event "2nd Namma Bengaluru Open-A 2025"]
[Site "Bengaluru"]
[Date "2025.04.11"]
[Round "2.2"]
[White "Anadkat Kartavya"]
[Black "Grigoryan, Karen H."]
[Result "0-1"]
[Annotator "TA"]
[ECO "B47"]
[WhiteElo "2187"]
[BlackElo "2556"]
[PlyCount "100"]
[EventDate "2025.04.10"]
[EventType "swiss"]
[EventCountry "IND"]
[SourceTitle "playchess.com"]
[Source "ChessBase"]
[SourceQuality "1"]
[TimeControl "5400+30"]

1. e4 c5 2. Nf3 e6 3. d4 cxd4 4. Nxd4 Nc6 5. Nc3 Qc7 6. Qd3 {[%emt 0:04:21] B47: Sicilian: Taimanov: 5 Nc3 Qc7 6 f4, 6 g3 and 6 Be2.} a6 {[%emt 0:03:05] Against Ndb5} 7. Nxc6 Qxc6 8. a4 {[%emt 0:01:59] White is slightly better.} Ne7 $146 (8... Bc5 9. Be2 Ne7 10. O-O O-O 11. Be3 d6 12. Rfd1 e5 13. Bxc5 dxc5 14. Qg3 Ng6 {1-0 Albornoz Cabrera,C (2591)-Wang,C (2477) Biel HTO 56th 2023 (6)}) 9. Qg3 Ng6 10. Bd3 b6 11. h4 Bb7 (11... Bd6 $14 12. f4 O-O) 12. h5 $16 Ne7 ({Black should try} 12... Bd6 13. f4 Ne7) 13. Bf4 f6 (13... Rg8 $16) 14. O-O-O $36 {[%emt 0:01:34][%mdl 2048] Keeping Black busy.} Kf7 15. Be2 b5 16. axb5 axb5 17. Bxb5 Qc5 18. Be3 Qc8 (18... Ra1+ 19. Kd2 Rxd1+ 20. Rxd1 Qc8) 19. Bxd7 Ra1+ 20. Nb1 Qc4 21. Qb8 $4 (21. Rd6 Bc8 22. b3 Qxe4 23. Bxc8 (23. Rxe6 Qb7 $11) 23... Nxc8 24. Rd7+ Be7 $18) (21. Rd4 $18 {was the only winning move.} Qa2 22. Kd2) 21... Bxe4 $19 22. Rd2 {[%emt 0:06:25] Hoping for b3.} Qa2 23. Qe8+ Kg8 24. Bxe6+ Qxe6 25. Rd8 Qf7 (25... Bxg2 26. Qxf8#) 26. Bc5 {[%emt 0:03:57] [#]} Qxe8 (26... Bxg2 27. Qxe7 (27. Bxe7 $2 Qxe8 28. Rxe8 Kf7 $19) 27... Qxe7 28. Bxe7 $11) 27. Rxe8 Kf7 (27... Bxg2 28. Re1 (28. Bxe7 $2 Kf7 $19) 28... Bc6 29. Rd8 $15 (29. R8xe7 Bxe7 30. Rxe7 h6 $15) (29. R1xe7 Bxe8 30. Rxe8 Kf7 $17)) 28. Rb8 Ra8 29. Rxa8 Bxa8 30. f3 Nf5 31. Bxf8 Rxf8 32. Nc3 Ne3 33. Rg1 Rc8 34. Kd2 Nc4+ 35. Kc1 Rc5 36. h6 gxh6 37. b3 Ne5 38. Kb2 Rc8 39. Rh1 Rg8 40. Rxh6 Rxg2 41. Rxh7+ Kg8 42. Rc7 Bxf3 (42... Nxf3 43. Rc8+ Kg7 44. Rxa8 $11) 43. Nb5 (43. Kc1 {keeps fighting.}) 43... f5 44. Nd4 Be4 45. b4 (45. Ne6 {was forced.}) 45... f4 {[%emt 0:02:03] Black is clearly winning.} 46. Re7 Nc4+ 47. Kc3 Nd6 {[%emt 0:00:05] Against Re8+} 48. b5 f3 49. Re6 f2 50. Rf6 {[%emt 0:00:07] [#]} Bf5 $1 {[%emt 0:00:12][%mdl 512] Weighted Error Value: White=0.39/Black=0.20 (precise)   Missed win:     	White=1     	---        Mistake:       	White=2     	Black=4      Inaccurate:     	White=3     	Black=4      OK:         	White=13    	Black=13     Best:        	White=7     	Black=6} 0-1

[Event "2nd Namma Bengaluru Open-A 2025"]
[Site "Bengaluru"]
[Date "2025.04.11"]
[Round "2.3"]
[White "Petrosyan, Manuel"]
[Black "Saravana, Krishnan P."]
[Result "1-0"]
[Annotator "TA"]
[ECO "D02"]
[WhiteElo "2544"]
[BlackElo "2177"]
[PlyCount "212"]
[EventDate "2025.04.10"]
[EventType "swiss"]
[EventCountry "IND"]
[SourceTitle "playchess.com"]
[Source "ChessBase"]
[SourceQuality "1"]
[TimeControl "5400+30"]

1. d4 d5 2. Bf4 Nf6 3. e3 e6 4. Nf3 c5 5. Nbd2 Nc6 6. c3 cxd4 7. exd4 {[%emt 0:00:28] D02: 1 d4 d5 2 Nf3 sidelines, including 2...Nf6 3 g3 and 2...Nf6 3 Bf4.} Nh5 8. Be3 Bd6 {[%emt 0:01:04] [#]} 9. Ne5 $1 {[%emt 0:00:32] The position is equal.} Nf6 (9... g6 10. g4) 10. Nd3 Bd7 11. Be2 Qc7 12. g3 O-O 13. O-O a5 $146 (13... b5 14. b4 a5 15. a3 e5 16. Nb3 e4 17. Ndc5 Bh3 18. Re1 a4 19. Nd2 Qb8 {0-1 Kokoszczynski,J (2250)-Szpar,M (2491) Titled Tuesday intern op 30th Jan Early blitz 2024 (6)}) 14. a4 Ne7 15. Bf4 Bxf4 16. Nxf4 Rfb8 17. Ra2 Nf5 18. Bd3 Nd6 19. Qc2 g6 20. Nf3 Nc4 (20... b5 $11) 21. b3 $14 Nd6 22. c4 dxc4 23. bxc4 Rd8 24. Rc1 Rac8 25. Raa1 Nde8 $1 26. Ne5 Bc6 27. Qb2 Qe7 (27... Qd6 $1 $11) 28. Re1 Qb4 29. Qe2 Rxd4 {[%emt 0:00:49] [#]} (29... Ng7 $14) 30. Nxf7 $1 $18 Qe7 (30... Rxf4 31. gxf4) 31. Nxe6 Rd7 32. Nfg5 (32. Nh6+ $18 Kh8 33. Qc2) 32... h6 (32... Ng7 $142) 33. Nf3 $16 Ng7 {[%emt 0:00:57] Threatens to win with ...Nxe6.} 34. Ned4 (34. Bxg6 $6 Bxf3 35. Qxf3 Nxe6 $14) 34... Qxe2 35. Bxe2 Be4 36. Nb5 Bxf3 37. Bxf3 Rxc4 {[%emt 0:00:11] [#]} 38. Rec1 {[%emt 0:00:13] White plays on the queen side and is better} ({Better is} 38. Bxb7 $1 $16 h5 (38... Rxb7 39. Nd6 $11) 39. Bg2) 38... Rb4 39. Rc8+ Kh7 40. Ra8 Ne6 41. Rxa5 Nc5 42. Ra7 Nxa4 43. R7xa4 Rxb5 44. R1a2 Kg7 45. Kg2 g5 46. Rc2 Rf7 47. Rd4 b6 48. h3 Rc5 49. Rb2 Nd7 50. Bh5 Re7 51. Rd6 Nf6 52. Bf3 b5 53. Rb6 Ree5 54. Ra2 Rc7 {[%emt 0:00:30] Repels Ra7} 55. Ra5 Rce7 56. Raxb5 {[%emt 0:00:37] White is more active.} Rxb5 57. Rxb5 {[%emt 0:00:01][%mdl 4096] Endgame KRB-KRN. White is a pawn up.} Kf7 58. Bd1 Kg7 59. Rb4 Rd7 60. Bb3 Rc7 61. h4 Kg6 62. Ba2 Re7 63. Bb1+ Kg7 64. Kh3 Re2 65. Rb7+ Kf8 66. hxg5 hxg5 67. Kg2 Re7 68. Rb5 Rg7 69. Kf3 Ke7 70. Ba2 {[%emt 0:00:19] Prevents Rg8.} Kd8 71. Ra5 Ke7 72. Ra6 Rh7 $2 (72... Rg6 $16 {was necessary.} 73. Ra7+ Kf8) 73. Re6+ $18 Kf7 74. Re5+ Kf8 75. Rxg5 Rb7 76. Re5 Ra7 77. Bb3 Ra3 78. Re3 Kg7 79. Be6 Ra4 80. Bf5 Kh6 81. Rb3 Kg5 82. Bd3 Ra2 83. Be2 Kf5 84. Rb5+ Kg6 85. Ke3 Ra3+ 86. Bd3+ Kh6 87. f3 {[%emt 0:00:52] Wards off Ng4+} Ra4 88. Rf5 Kg7 89. Rg5+ Kf7 90. Rc5 Kg7 91. Be4 Kh6 92. g4 Kg7 93. Kf4 Ne8 94. Rg5+ Kf8 95. Rf5+ Kg7 96. Rd5 Nf6 97. Rb5 Ne8 (97... Nxe4 $142 98. fxe4 Ra1) 98. Ke5 {[%emt 0:00:10] White threatens Rb7+ and mate.} Kh6 99. Kf4 (99. Rb8 $142 Ra5+ 100. Kf4) 99... Kg7 $1 100. Rb7+ Kf8 101. Rb6 {[%emt 0:00:58] Prevents Nd6} Kg7 102. g5 {[%emt 0:00:11] Strongly threatening Rb7+.} Ra5 103. Rb7+ Kf8 104. Rd7 Ra4 105. Ke5 Ng7 106. Bd5 Nh5 {[%emt 0:01:13] Weighted Error Value: White=0.12 (very precise) /Black=0.15 (very precise)   Loses game:     	---       	Black=1      Mistake:       	White=2     	Black=5      Inaccurate:     	White=3     	Black=9      OK:         	White=38    	Black=33     Best:        	White=4     	Black=3      Strong:       	---       	Black=1      Brilliant:      	White=1     	---} 1-0

[Event "2nd Namma Bengaluru Open-A 2025"]
[Site "Bengaluru"]
[Date "2025.04.11"]
[Round "2.4"]
[White "Saurabh Anand"]
[Black "Pranav Anand"]
[Result "0-1"]
[Annotator "ChessBase"]
[ECO "D35"]
[WhiteElo "2179"]
[BlackElo "2538"]
[PlyCount "88"]
[EventDate "2025.04.10"]
[EventType "swiss"]
[EventCountry "IND"]
[SourceTitle "playchess.com"]
[Source "ChessBase"]
[SourceQuality "1"]
[TimeControl "5400+30"]

1. d4 Nf6 2. c4 e6 3. Nf3 d5 4. Nc3 Nbd7 5. Bf4 Bb4 6. cxd5 exd5 7. e3 Ne4 8. Qc2 g5 9. Be5 Nxe5 10. Nxe5 c6 11. Bd3 f6 12. Nf3 Qe7 13. O-O f5 14. Ne5 Bd6 15. Nxc6 bxc6 16. Nxe4 dxe4 17. Qxc6+ Qd7 18. Qxa8 exd3 19. Rfd1 O-O 20. Qd5+ Kg7 21. Qa5 Bb7 22. d5 Bc7 23. Qc3+ Kg8 24. Rxd3 Qd6 25. g3 Bb6 26. Rc1 Re8 27. a4 Re7 28. Qd2 Rd7 29. b4 Bd8 30. b5 a6 31. Qa2 axb5 32. axb5 Kg7 33. Qb2+ Bf6 34. Qa3 Qe5 35. Rcd1 Qe4 36. Qc5 h5 37. b6 h4 38. Qb5 Rd8 39. Rf1 Rxd5 40. Rxd5 Bxd5 41. f3 Qxe3+ 42. Kg2 h3+ 43. Kxh3 g4+ 44. fxg4 Qh6# 0-1

[Event "2nd Namma Bengaluru Open-A 2025"]
[Site "Bengaluru"]
[Date "2025.04.11"]
[Round "2.5"]
[White "Pantsulaia, Levan"]
[Black "Singh, S. Vikramjit"]
[Result "1-0"]
[Annotator "ChessBase"]
[ECO "A09"]
[WhiteElo "2532"]
[BlackElo "2165"]
[PlyCount "51"]
[EventDate "2025.04.10"]
[EventType "swiss"]
[EventCountry "IND"]
[SourceTitle "playchess.com"]
[Source "ChessBase"]
[SourceQuality "1"]
[TimeControl "5400+30"]

1. Nf3 d5 2. c4 d4 3. b4 c5 4. b5 g6 5. g3 b6 6. Bg2 Bb7 7. a4 a5 8. O-O Bg7 9. d3 e5 10. Ra2 Ne7 11. e3 O-O 12. exd4 exd4 13. Re1 Nd7 14. Bf4 Re8 15. Rae2 Nf6 16. Nbd2 h6 17. Be5 Qd7 18. Bxf6 Bxf6 19. Ne5 Bxe5 20. Bxb7 Qxb7 21. Rxe5 Kf8 22. Ne4 Nf5 23. Nf6 Rxe5 24. Rxe5 Qc7 25. Qf3 Qxe5 26. Nd7+ 1-0

[Event "2nd Namma Bengaluru Open-A 2025"]
[Site "Bengaluru"]
[Date "2025.04.11"]
[Round "2.6"]
[White "Sherla Prathamesh"]
[Black "Aronyak Ghosh"]
[Result "1/2-1/2"]
[Annotator "ChessBase"]
[ECO "A16"]
[WhiteElo "2157"]
[BlackElo "2525"]
[PlyCount "86"]
[EventDate "2025.04.10"]
[EventType "swiss"]
[EventCountry "IND"]
[SourceTitle "playchess.com"]
[Source "ChessBase"]
[SourceQuality "1"]
[TimeControl "5400+30"]

1. c4 Nf6 2. Nc3 b6 3. e4 Bb7 4. e5 Ne4 5. Qf3 Nxc3 6. Qxc3 e6 7. Nf3 c5 8. Be2 Nc6 9. d3 d6 10. Bg5 Be7 11. Bxe7 Kxe7 12. d4 cxd4 13. Nxd4 dxe5 14. Nxc6+ Bxc6 15. Qxe5 f6 16. Qg3 Kf7 17. O-O Qb8 18. Qh3 Qf4 19. Rfe1 Rae8 20. Rad1 g6 21. b4 Re7 22. Bf1 h5 23. b5 Be8 24. Qc3 Qc7 25. a4 Bd7 26. Rc1 Qc5 27. Qe3 Qxe3 28. Rxe3 Rc8 29. c5 Rxc5 30. Rxc5 bxc5 31. Rc3 e5 32. Rxc5 Ke6 33. Rc7 Be8 34. Rc8 Kd6 35. a5 Bd7 36. Rb8 Re8 37. Rb7 Rc8 38. f3 Rc7 39. Rxc7 Kxc7 40. Bd3 f5 41. h4 Be6 42. Kf2 Kd6 43. g4 Kc5 1/2-1/2

[Event "2nd Namma Bengaluru Open-A 2025"]
[Site "Bengaluru"]
[Date "2025.04.11"]
[Round "2.7"]
[White "Rajarishi Karthi"]
[Black "Ayush Sharma"]
[Result "1-0"]
[Annotator "ChessBase"]
[ECO "E49"]
[WhiteElo "2155"]
[BlackElo "2485"]
[PlyCount "113"]
[EventDate "2025.04.10"]
[EventType "swiss"]
[EventCountry "IND"]
[SourceTitle "playchess.com"]
[Source "ChessBase"]
[SourceQuality "1"]
[TimeControl "5400+30"]

1. d4 Nf6 2. c4 e6 3. Nc3 Bb4 4. f3 d5 5. a3 Bxc3+ 6. bxc3 O-O 7. e3 c5 8. cxd5 exd5 9. Bd3 b6 10. Ne2 Ba6 11. O-O Re8 12. Ng3 Bxd3 13. Qxd3 Nc6 14. Ra2 Rc8 15. Re2 Qd7 16. Bb2 Rcd8 17. Ref2 h5 18. e4 c4 19. Qc2 g6 20. e5 h4 21. Ne2 Nh7 22. Bc1 Ne7 23. g3 b5 24. gxh4 Nf5 25. Ng3 Nxh4 26. Kh1 Kh8 27. Qd2 Rg8 28. Qf4 Nf5 29. Rg1 Rg7 30. Rfg2 Rdg8 31. Qg4 f6 32. Bf4 Nxg3+ 33. Qxg3 Qf5 34. exf6 Nxf6 35. Be5 Rf8 36. Qh4+ Kg8 37. Rg3 Kf7 38. Qg5 Qxg5 39. Rxg5 Rd8 40. Rb1 a6 41. a4 bxa4 42. Rb7+ Kg8 43. Rb4 Nh7 44. Rg3 Rf7 45. Rxa4 Nf8 46. Rxa6 Rb7 47. f4 Rb1+ 48. Kg2 Rb2+ 49. Kh3 Rd7 50. f5 Rh7+ 51. Kg4 Rbxh2 52. fxg6 R7h4+ 53. Kg5 Rh5+ 54. Kf6 Rf2+ 55. Ke7 Rh6 56. Ra8 Rb2 57. Rxf8# 1-0

[Event "2nd Namma Bengaluru Open-A 2025"]
[Site "Bengaluru"]
[Date "2025.04.11"]
[Round "2.8"]
[White "Avirat Chauhan"]
[Black "Savchenko, Boris"]
[Result "1-0"]
[Annotator "ChessBase"]
[ECO "D97"]
[WhiteElo "2145"]
[BlackElo "2459"]
[PlyCount "99"]
[EventDate "2025.04.10"]
[EventType "swiss"]
[EventCountry "IND"]
[SourceTitle "playchess.com"]
[Source "ChessBase"]
[SourceQuality "1"]
[TimeControl "5400+30"]

1. d4 Nf6 2. c4 g6 3. Nc3 d5 4. Nf3 Bg7 5. Qb3 dxc4 6. Qxc4 O-O 7. e4 Na6 8. Be2 c5 9. d5 e6 10. O-O exd5 11. exd5 Re8 12. Rd1 Bf5 13. Bg5 h6 14. Bxf6 Qxf6 15. Rd2 h5 16. Qf4 Nb4 17. d6 Rad8 18. a3 Rxe2 19. Rxe2 Nd3 20. Qg3 Bf8 21. Ng5 Bxd6 22. Nge4 Bxe4 23. Nxe4 Qe7 24. Qf3 Be5 25. Nc3 c4 26. Rd1 a6 27. a4 Qd7 28. Rxd3 Bxh2+ 29. Kxh2 cxd3 30. Rd2 Kg7 31. Qf4 f6 32. Rd1 h4 33. Ne4 Qe7 34. Nd2 g5 35. Qe3 Qc7+ 36. Kg1 Rd7 37. Re1 Qc2 38. b3 b5 39. axb5 axb5 40. Kh1 Rf7 41. f4 g4 42. f5 Kh7 43. Qf2 g3 44. Qf4 Qc6 45. Qxh4+ Kg8 46. Qxg3+ Rg7 47. Qf3 Qd7 48. Qe3 Qxf5 49. Qe6+ Qxe6 50. Rxe6 1-0

[Event "2nd Namma Bengaluru Open-A 2025"]
[Site "Bengaluru"]
[Date "2025.04.11"]
[Round "2.9"]
[White "Stany, G.A."]
[Black "Esshan Wadhawan"]
[Result "1-0"]
[Annotator "ChessBase"]
[ECO "B22"]
[WhiteElo "2454"]
[BlackElo "2132"]
[PlyCount "67"]
[EventDate "2025.04.10"]
[EventType "swiss"]
[EventCountry "IND"]
[SourceTitle "playchess.com"]
[Source "ChessBase"]
[SourceQuality "1"]
[TimeControl "5400+30"]

1. e4 c5 2. d4 cxd4 3. c3 Nf6 4. e5 Nd5 5. Nf3 d6 6. Qxd4 e6 7. exd6 Qxd6 8. Be2 Nc6 9. Qa4 Bd7 10. O-O Be7 11. Rd1 Qc7 12. Na3 O-O 13. Nb5 Qc8 14. Qc2 a6 15. Nbd4 Nxd4 16. Nxd4 Qc5 17. Bf3 Bc6 18. Nxc6 bxc6 19. Qe2 Bf6 20. g3 Rfd8 21. Kg2 a5 22. a4 Rab8 23. h4 h6 24. Be4 h5 25. Qf3 Qc4 26. Bd3 Qc5 27. Kg1 Ne7 28. Be3 Qd5 29. Bh7+ Kxh7 30. Rxd5 Rxd5 31. Qe2 g6 32. Re1 Nf5 33. Bc1 Rc8 34. Qc4 1-0

[Event "2nd Namma Bengaluru Open-A 2025"]
[Site "Bengaluru"]
[Date "2025.04.11"]
[Round "2.10"]
[White "Harshit Ranjan Sahu"]
[Black "Goutham Krishna H"]
[Result "1/2-1/2"]
[Annotator "RC"]
[ECO "E67"]
[WhiteElo "2142"]
[BlackElo "2449"]
[PlyCount "81"]
[EventDate "2025.04.10"]
[EventType "swiss"]
[EventCountry "IND"]
[SourceTitle "playchess.com"]
[Source "ChessBase"]
[SourceQuality "1"]
[TimeControl "5400+30"]

1. Nf3 Nf6 2. g3 g6 3. Bg2 Bg7 4. O-O O-O 5. d4 d6 6. c4 Nbd7 7. Nc3 e5 8. h3 Re8 9. Rb1 c6 10. b4 e4 11. Nd2 d5 12. e3 a6 13. a4 h5 14. b5 Nf8 15. bxc6 bxc6 16. Qb3 Bf5 17. Qb7 Rc8 18. Ba3 N8h7 19. Rb6 Ng5 20. cxd5 Nxh3+ 21. Bxh3 Bxh3 22. dxc6 h4 23. Rxa6 hxg3 24. Ra7 Nh5 25. Ndxe4 Bxf1 26. Qxf7+ Kh8 27. Be7 Bc4 28. d5 gxf2+ 29. Kxf2 Qb6 30. Rb7 Rxe7 31. Qxe7 Qa5 32. Ra7 Qb6 33. Rb7 Qa5 34. c7 Qa8 35. Nd6 Bd3 36. Nf7+ Kh7 37. Ng5+ Kh6 38. Nf7+ Kh7 39. Ng5+ Kh6 40. Nf7+ Kh7 41. Ng5+ 1/2-1/2

[Event "2nd Namma Bengaluru Open-A 2025"]
[Site "Bengaluru"]
[Date "2025.04.11"]
[Round "2.11"]
[White "Sanikidze, Tornike"]
[Black "Jihan Tejas Shah"]
[Result "1-0"]
[Annotator "RC"]
[ECO "A65"]
[WhiteElo "2448"]
[BlackElo "2131"]
[PlyCount "109"]
[EventDate "2025.04.10"]
[EventType "swiss"]
[EventCountry "IND"]
[SourceTitle "playchess.com"]
[Source "ChessBase"]
[SourceQuality "1"]
[TimeControl "5400+30"]

1. d4 Nf6 2. c4 g6 3. Nc3 Bg7 4. e4 d6 5. Be2 O-O 6. Bg5 c5 7. d5 e6 8. Qd2 exd5 9. cxd5 Re8 10. f3 h6 11. Bxh6 Nxe4 12. Nxe4 Qh4+ 13. g3 Qxh6 14. Qxh6 Bxh6 15. Nf6+ Kf8 16. Nxe8 Kxe8 17. f4 Nd7 18. Nf3 Nf6 19. O-O-O Bd7 20. Nd2 b5 21. Bf3 Kf8 22. Rde1 Rb8 23. h4 a5 24. Ne4 Nxe4 25. Rxe4 b4 26. Rhe1 Re8 27. Rxe8+ Bxe8 28. h5 gxh5 29. Bxh5 Bg7 30. Be2 Bd4 31. Rf1 f6 32. g4 Bg6 33. f5 Bf7 34. Bc4 Be5 35. Kc2 Kg7 36. Rh1 Be8 37. b3 Bf7 38. Kd3 Bd4 39. Ke4 Be8 40. Ba6 Bc3 41. Kd3 a4 42. Kc4 a3 43. Bb7 Bf7 44. Bc6 Be5 45. Rh3 Bb2 46. Kb5 Bd4 47. Ka6 Kf8 48. Kb7 Ke7 49. Kc7 Bg8 50. Rh2 c4 51. Re2+ Kf7 52. bxc4 b3 53. Ba4 bxa2 54. Rxa2 Bb2 55. Kxd6 1-0

[Event "2nd Namma Bengaluru Open-A 2025"]
[Site "Bengaluru"]
[Date "2025.04.11"]
[Round "2.12"]
[White "Kshatriya Nitin Vekhande"]
[Black "Nitish Belurkar"]
[Result "0-1"]
[Annotator "RC"]
[ECO "A08"]
[WhiteElo "2133"]
[BlackElo "2441"]
[PlyCount "80"]
[EventDate "2025.04.10"]
[EventType "swiss"]
[EventCountry "IND"]
[SourceTitle "playchess.com"]
[Source "ChessBase"]
[SourceQuality "1"]
[TimeControl "5400+30"]

1. e4 e6 2. d3 d5 3. Nd2 c5 4. g3 Nc6 5. Bg2 g6 6. Ngf3 Bg7 7. O-O Nf6 8. c3 O-O 9. Re1 a5 10. a4 b6 11. Nf1 dxe4 12. dxe4 Qxd1 13. Rxd1 Ba6 14. Bf4 Nxe4 15. Ne1 f5 16. Nd2 Nxd2 17. Bxc6 Nb3 18. Bxa8 Nxa1 19. Bc6 Nb3 20. Bc7 Rc8 21. Rd8+ Rxd8 22. Bxd8 Kf7 23. Bxb6 Ke7 24. Bc7 Bc8 25. Nc2 Bd7 26. Bb5 Bxb5 27. axb5 Kd7 28. Bb6 Bh6 29. Na3 Bc1 30. Nc4 a4 31. Ba7 Kc7 32. Nb6 Kb7 33. Nxa4 Kxa7 34. Kf1 c4 35. f4 Be3 36. Ke2 Bg1 37. h3 Nc5 38. Nxc5 Bxc5 39. g4 Kb6 40. Kd2 Kxb5 0-1

[Event "2nd Namma Bengaluru Open-A 2025"]
[Site "Bengaluru"]
[Date "2025.04.11"]
[Round "2.13"]
[White "Vaz, Ethan"]
[Black "Aarit Kapil"]
[Result "1-0"]
[Annotator "RC"]
[ECO "B33"]
[WhiteElo "2430"]
[BlackElo "2123"]
[PlyCount "149"]
[EventDate "2025.04.10"]
[EventType "swiss"]
[EventCountry "IND"]
[SourceTitle "playchess.com"]
[Source "ChessBase"]
[SourceQuality "1"]
[TimeControl "5400+30"]

1. e4 c5 2. Nf3 Nc6 3. d4 cxd4 4. Nxd4 Nf6 5. Nc3 e5 6. Ndb5 d6 7. Nd5 Nxd5 8. exd5 Nb8 9. a4 Be7 10. Be2 O-O 11. O-O f5 12. f4 a6 13. Na3 e4 14. Nc4 Nd7 15. a5 b5 16. axb6 Nxb6 17. Na5 Bd7 18. Be3 Qc7 19. c4 Bf6 20. Ra2 Rfb8 21. b4 Nc8 22. Qd2 Ne7 23. Rc1 Rd8 24. c5 Be8 25. cxd6 Qxd6 26. Nb7 Qxd5 27. Nxd8 Qxd8 28. Bc4+ Bf7 29. Rxa6 Bxc4 30. Rxc4 Nd5 31. Rxa8 Qxa8 32. Bf2 h6 33. Rc5 Qa1+ 34. Rc1 Qa8 35. b5 g5 36. Bd4 Bd8 37. Qc2 Nxf4 38. Qc4+ Kf8 39. Qc8 Qd5 40. Qc5+ Qxc5 41. Bxc5+ Ke8 42. Rc4 Nd5 43. g4 fxg4 44. Rxe4+ Kd7 45. Rxg4 Nf4 46. Kf1 Bc7 47. Rg3 Ne6 48. Rd3+ Kc8 49. Bg1 h5 50. Re3 Kd7 51. b6 Bf4 52. Rc3 g4 53. b7 Nd8 54. Rd3+ Ke8 55. Rb3 Nc6 56. Ba7 Nb8 57. Bxb8 Bxb8 58. Rc3 Kd7 59. Rc8 Bxh2 60. Kg2 Bd6 61. b8=Q Bxb8 62. Rxb8 Ke6 63. Rh8 Kf5 64. Rxh5+ Kf4 65. Rh4 Ke3 66. Rxg4 Kd3 67. Kf2 Kd2 68. Rd4+ Kc3 69. Ke3 Kb3 70. Kd2 Kb2 71. Rb4+ Ka3 72. Kc3 Ka2 73. Kc2 Ka3 74. Rh4 Ka2 75. Ra4# 1-0

[Event "2nd Namma Bengaluru Open-A 2025"]
[Site "Bengaluru"]
[Date "2025.04.11"]
[Round "2.14"]
[White "Koustuv Dash"]
[Black "Mehar, Chinna Reddy C.H."]
[Result "0-1"]
[Annotator "RC"]
[ECO "E52"]
[WhiteElo "2131"]
[BlackElo "2418"]
[PlyCount "128"]
[EventDate "2025.04.10"]
[EventType "swiss"]
[EventCountry "IND"]
[SourceTitle "playchess.com"]
[Source "ChessBase"]
[SourceQuality "1"]
[TimeControl "5400+30"]

1. d4 Nf6 2. c4 e6 3. Nc3 Bb4 4. e3 O-O 5. Bd2 d5 6. Nf3 b6 7. Rc1 a6 8. Bd3 Bb7 9. O-O Bd6 10. cxd5 exd5 11. Ne5 c5 12. Be1 Nc6 13. f4 cxd4 14. Nxc6 Bxc6 15. exd4 Bb7 16. Bh4 Be7 17. Re1 Re8 18. Rc2 Ne4 19. Bxe7 Rxe7 20. Bxe4 dxe4 21. d5 f5 22. Qd4 Qd6 23. g3 b5 24. Nd1 Qxd5 25. Qxd5+ Bxd5 26. Ne3 Be6 27. Rc6 Kf7 28. Rd1 g6 29. Rdd6 Bxa2 30. Rxa6 Rxa6 31. Rxa6 Bc4 32. Rc6 Bd3 33. g4 fxg4 34. Nxg4 Ra7 35. Ne5+ Kg7 36. Rc3 Ra2 37. b3 Rd2 38. Rc7+ Kf6 39. Rd7 g5 40. Nxd3 exd3 41. fxg5+ Kxg5 42. Kf1 Kf4 43. Rxh7 Ke3 44. Ke1 Rb2 45. Re7+ Kd4 46. h4 Rh2 47. Rd7+ Kc3 48. Rc7+ Kxb3 49. Rd7 Rxh4 50. Rxd3+ Kc2 51. Rd2+ Kc3 52. Rd8 b4 53. Kd1 Rh1+ 54. Ke2 b3 55. Rc8+ Kd4 56. Rd8+ Kc3 57. Rc8+ Kb2 58. Kd2 Kb1 59. Rb8 b2 60. Rb7 Rh2+ 61. Kd1 Rh3 62. Ra7 Rd3+ 63. Ke2 Kc2 64. Rb7 Rc3 0-1

[Event "2nd Namma Bengaluru Open-A 2025"]
[Site "Bengaluru"]
[Date "2025.04.11"]
[Round "2.15"]
[White "Kaustuv, Kundu"]
[Black "Majumder Shrayan"]
[Result "*"]
[Annotator "RC"]
[ECO "D02"]
[WhiteElo "2407"]
[BlackElo "2111"]
[PlyCount "43"]
[EventDate "2025.04.10"]
[EventType "swiss"]
[EventCountry "IND"]
[SourceTitle "playchess.com"]
[Source "ChessBase"]
[SourceQuality "1"]
[TimeControl "5400+30"]

1. Nf3 d5 2. g3 Nd7 3. d4 Nb6 4. Nc3 Bf5 5. Nh4 Bg4 6. Qd3 e6 7. f3 Bh5 8. e4 Be7 9. Ng2 Nf6 10. Bg5 O-O 11. Nf4 Bg6 12. h4 h6 13. Bxf6 Bxf6 14. Nxg6 fxg6 15. e5 Be7 16. Qxg6 Rxf3 17. Bd3 Rxd3 18. Qxe6+ Kh8 19. cxd3 c5 20. O-O Rc8 21. Rf7 cxd4 22. Ne2 *